 Dungeon Crawl Stone Soup version 0.22.1-6-g1668fe2 (webtiles) character file.

4866 doot the Carver (level 10, -2/76 HPs)
             Began as a Vampire Gladiator on Jan 24, 2019.
             Was a Believer of Kikubaaqudgha.
             Slain by a two-headed ogre
             ... wielding a cursed -1 giant spiked club
              (9 damage)
             ... on level 10 of the Dungeon.
             The game lasted 00:29:39 (10969 turns).

doot the Carver (Vampire Gladiator)                Turns: 10969, Time: 00:29:41

Health: -2/76      AC: 12    Str: 13    XL:     10   Next: 26%
Magic:  11/11      EV: 13    Int: 14    God:    Kikubaaqudgha [**....]
Gold:   501        SH:  0    Dex: 16    Spells: 10/11 levels left

rFire    . . .     SeeInvis +   a - +4 great sword
rCold    + . .     Gourm    .   (shield currently unavailable)
rNeg     + . .     Faith    .   u - +3 scale mail {rC+}
rPois    +         Spirit   .   q - +1 helmet
rElec    .         Reflect  .   (no cloak)
rCorr    .         Harm     .   (no gloves)
MR       +....                  (no boots)
Stlth    ++........             (no amulet)
HPRegen  0.22/turn              s - ring of poison resistance
MPRegen  0.12/turn              i - ring of wizardry

@: no status effects
A: fangs 3, thin skeletal structure 1, see invisible, clumsy 1, unbreathing
a: Bat Form, Receive Corpses, Renounce Religion


You were on level 10 of the Dungeon.
You worshipped Kikubaaqudgha.
Kikubaaqudgha was pleased with you.
You were not thirsty.

You visited 2 branches of the dungeon, and saw 11 of its levels.
You also visited: Sewer.

You collected 501 gold pieces.

Inventory:

Hand Weapons
 a - a +4 great sword (weapon)
 b - a +1 shortbow of flaming
 x - a +0 long sword
 H - the +3 hand axe "Epygoeme" {chop, +Rage Str+2 Dex+2}
   (You found it on level 8 of the Dungeon)

   It inflicts extra damage upon your enemies.
   It affects your strength (+2).
   It affects your dexterity (+2).
   It lets you go berserk.
 I - the +1 falchion of Yxaorom {antimagic, Str+7}
   (You found it on level 5 of the Dungeon)

   It reduces the magical energy of the wielder, and disrupts the spells and
   magical abilities of those hit.
   Natural abilities and divine invocations are not affected.
   It affects your strength (+7).
Missiles
 d - a throwing net (quivered)
 w - 49 arrows
 y - 4 javelins
Armour
 c - a +0 helmet
 q - a +1 helmet (worn)
 u - a +3 scale mail of cold resistance (worn)
 v - a +0 leather armour
Jewellery
 i - a ring of wizardry (right hand)
 s - a ring of poison resistance (left hand)
Wands
 g - a wand of flame (15)
 m - a wand of polymorph (8)
 n - a wand of enslavement (4)
 z - a wand of disintegration (11)
 L - a wand of paralysis (12)
 M - a wand of random effects (25)
Scrolls
 h - 6 scrolls of remove curse
 j - 5 scrolls of identify
 k - 7 scrolls of teleportation {unknown}
 l - 3 scrolls of noise {unknown}
 p - a scroll of enchant weapon {unknown}
 t - a scroll of enchant armour {unknown}
 B - a scroll of fog {unknown}
 C - a scroll of brand weapon {unknown}
 E - a scroll of blinking {unknown}
 F - a scroll of silence {unknown}
 G - a scroll of magic mapping {unknown}
 K - a scroll of amnesia {unknown}
 N - a scroll of immolation {unknown}
Potions
 e - 3 potions of blood
 f - 2 potions of might
 o - a potion of haste {unknown}
 r - 5 potions of flight
 A - a potion of mutation
 D - a potion of curing
 J - a potion of heal wounds {unknown}


   Skills:
 + Level 5.8 Fighting
 + Level 9.3 Long Blades
 + Level 2.8 Bows
 + Level 1.8 Throwing
 + Level 5.3 Armour
 + Level 6.6 Dodging
 + Level 5.2 Stealth
 + Level 1.1 Spellcasting
 * Level 3.9 Necromancy
 + Level 0.2 Evocations


You had 10 spell levels left.
You knew the following spells:

 Your Spells              Type           Power        Failure   Level  Hunger
a - Pain                  Necr           ##..         9%          1    ##.....

Your spell library contained the following spells:

 Spells                   Type           Power        Failure   Level  Hunger
 Animate Skeleton         Necr           N/A          9%          1    ##.....
 Sublimation of Blood     Necr           ##........   13%         2    ###....
 Apportation              Tloc           #.....       38%         1    ##.....
 Confusing Touch          Hex            #.....       38%         1    ##.....
 Summon Small Mammal      Summ           #...         38%         1    ##.....
 Regeneration             Chrm/Necr      #.........   47%         3    ####...


Dungeon Overview and Level Annotations

Branches:
Dungeon (10/15)            Temple (1/1) D:5            Lair (0/6) D:8
    Orc: D:9-12

Altars:
Ashenzari
Cheibriados
Dithmenos
Elyvilon
Fedhas
Gozag
Hepliaklqana
Kikubaaqudgha
Makhleb
Nemelex Xobeh
Qazlal
Ru
Sif Muna
Trog
Uskayaw
Vehumet
Wu Jian
Xom
Zin
The Shining One

Shops:
D:7 :(=


Innate Abilities, Weirdness & Mutations

You have razor-sharp teeth.
You have supernaturally acute eyesight. (SInv)
You can survive without breathing.
You have a somewhat thin skeletal structure. (Dex +2, Stealth)
You are clumsy. (Dex -2)


Message History

The two-headed ogre is severely wounded.
The ogre closely misses you.
You riposte.
The centaur shouts!
You hit the ogre.
The ogre is almost dead.
Unknown command.
You barely miss the two-headed ogre.
The two-headed ogre is severely wounded.
The two-headed ogre barely misses you.
You riposte.
You hit the two-headed ogre.
The two-headed ogre is almost dead.
The two-headed ogre closely misses you. The ogre closely misses you.
Unknown command.
You slash the two-headed ogre!
The two-headed ogre is almost dead.
The two-headed ogre hits you with a giant spiked club!!
* * * LOW HITPOINT WARNING * * *
The two-headed ogre hits you with a dire flail!
You die...
Kikubaaqudgha rasps: "You have failed me!
Welcome... oblivion!"

...##......#####...#
#......###..##..##.....#
#.....## ##....## ##...#
## ##....# ##..## ..#
..# # #.....#####...##
..##..##.
..##..##.......##
##.......
(####..>.###....##
#......# ## ##...#
#....O####..##..##.. #
####
##...@OF(.((........
#....###c.........#
##..## ##..<#...### #.##
#.####...# #..# #..#
...# #.# #.## .... .. #.
... ### .. .O. ...


You could see a two-headed ogre, an ogre, a bullfrog and a centaur.

Vanquished Creatures
  Pikel (D:10)
  A hippogriff (D:8)
  2 sky beasts (D:8)
  Duvessa (D:5)
  A porcupine (D:8)
  A slave (D:9)
  3 orc warriors
  7 ogres
  4 black bears
  A necrophage (D:10)
  3 centaurs
  A crocodile (D:8)
  2 big kobolds (D:9)
  6 bullfrogs
  A water moccasin zombie (D:10)
  A wyvern skeleton (D:7)
  2 scorpions
  Dowan (D:5)
  A water moccasin skeleton (D:8)
  5 wights (D:8)
  4 killer bees (D:7)
  3 crimson imps
  A bullfrog zombie (D:8)
  An orc priest (D:10)
  2 hounds
  3 jellies
  A centaur skeleton (D:9)
  5 orc wizards
  8 worker ants
  An iguana (D:8)
  2 hound zombies
  2 hound skeletons
  8 adders
  A shadow imp (D:7)
  2 oozes
  An adder zombie (D:7)
  An adder skeleton (D:4)
  3 worms
  3 dart slugs
  8 leopard geckos
  11 orcs
  6 ball pythons (Sewer)
  9 bats
  15 giant cockroaches
  13 hobgoblins
  15 jackals
  17 kobolds
  2 quokkas
  10 frilled lizards
  7 goblins
  A jackal zombie (D:5)
  A leopard gecko skeleton (D:7)
  10 rats
222 creatures vanquished.

Vanquished Creatures (collateral kills)
  An orc warrior (D:8)
1 creature vanquished.

Vanquished Creatures (others)
  19 fungi (D:8)
  15 plants (D:8)
34 creatures vanquished.

Grand Total: 257 creatures vanquished

Notes
Turn   | Place    | Note
-------+----------+-------------------------------------------
     0 | D:1      | doot the Vampire Gladiator began the quest for the Orb.
     0 | D:1      | Reached XP level 1. HP: 16/16 MP: 1/1
   278 | D:1      | Reached XP level 2. HP: 22/22 MP: 2/2
   716 | D:1      | Reached XP level 3. HP: 27/27 MP: 3/3
  1176 | D:2      | Reached skill level 4 in Long Blades
  1238 | D:2      | Reached skill level 1 in Armour
  1238 | D:2      | Reached XP level 4. HP: 33/33 MP: 4/4
  2420 | D:3      | Reached skill level 1 in Stealth
  2626 | D:4      | Noticed an ogre
  2634 | D:4      | Killed an ogre
  2634 | D:4      | Reached XP level 5. HP: 39/39 MP: 5/5
  2676 | D:3      | Reached skill level 5 in Long Blades
  2874 | D:4      | Reached XP level 6. HP: 25/46 MP: 6/6
  3531 | D:4      | Found a faded altar of an unknown god.
  3531 | D:4      | Found a stormy altar of Qazlal.
  3536 | D:4      | Found a burning altar of Makhleb.
  3538 | D:4      | Found a blossoming altar of Fedhas.
  3539 | D:4      | Found a faded altar of an unknown god.
  3682 | D:5      | Entered Level 5 of the Dungeon
  3694 | D:5      | Noticed Duvessa
  3695 | D:5      | Noticed Dowan
  3900 | D:5      | Found a glowing drain.
  3929 | Sewer    | Entered a sewer
  4266 | Sewer    | Reached XP level 7. HP: 14/51 MP: 5/7
  4697 | D:5      | Found a hazy altar of Hepliaklqana.
  4733 | D:5      | Found a staircase to the Ecumenical Temple.
  4758 | D:5      | Reached skill level 6 in Long Blades
  4766 | D:5      | Got a faintly glowing falchion
  4769 | Temple   | Entered the Ecumenical Temple
  4865 | Temple   | Became a worshipper of Kikubaaqudgha
  4866 | Temple   | Identified the cursed +1 falchion of Yxaorom {antimagic,
                  | Str+7} (You found it on level 5 of the Dungeon)
  5277 | D:5      | Killed Dowan
  5277 | D:5      | Reached skill level 5 in Dodging
  5295 | D:5      | HP: 1/78 [Duvessa/short sword (6)]
  5299 | D:5      | Gained mutation: You are clumsy. (Dex -2) [potion of
                  | mutation]
  5299 | D:5      | Gained mutation: You have a somewhat thin skeletal
                  | structure. (Dex +2, Stealth) [potion of mutation]
  5313 | D:5      | Killed Duvessa
  5664 | D:5      | Found a bloodstained altar of Trog.
  5666 | D:5      | Found a glowing silver altar of Zin.
  5666 | D:5      | Found a white marble altar of Elyvilon.
  5668 | D:5      | Found an opulent altar of Gozag.
  5668 | D:5      | Found a shimmering altar of Xom.
  5668 | D:5      | Found an opulent altar of Gozag.
  5869 | D:6      | Reached XP level 8. HP: 58/58 MP: 2/8
  6266 | D:6      | Found a burning altar of Makhleb.
  6266 | D:6      | Noticed a green death
  6280 | D:6      | Reached skill level 7 in Long Blades
  6871 | D:7      | Found a glowing golden altar of the Shining One.
  6917 | D:7      | Found Huky's Jewellery Shop.
  6943 | D:7      | Found Entes's Weapon Emporium.
  7013 | D:7      | Found Zuclijun's Book Emporium.
  7130 | D:7      | Reached * piety under Kikubaaqudgha
  7130 | D:7      | Identified Kikubaaqudgha's Almanac of Black Rites
                  | (Kikubaaqudgha gifted it to you on level 7 of the Dungeon)
  7130 | D:7      | Received a gift from Kikubaaqudgha
  7148 | D:7      | Found a bloodstained altar of Trog.
  7809 | D:7      | Reached skill level 8 in Long Blades
  7854 | D:7      | Reached XP level 9. HP: 67/67 MP: 3/9
  8481 | D:8      | Reached skill level 5 in Fighting
  8779 | D:8      | Reached skill level 5 in Stealth
  9034 | D:8      | Learned a level 1 spell: Pain
  9131 | D:8      | Reached skill level 1 in Necromancy
  9153 | D:8      | Reached skill level 5 in Armour
  9185 | D:8      | Reached skill level 1 in Spellcasting
  9500 | D:8      | Got a shimmering hand axe
  9502 | D:8      | Identified the +3 hand axe "Epygoeme" {chop, +Rage Str+2
                  | Dex+2} (You found it on level 8 of the Dungeon)
  9636 | D:8      | Reached skill level 1 in Bows
  9791 | D:8      | Found a staircase to the Lair.
  9926 | D:8      | Reached ** piety under Kikubaaqudgha
 10335 | D:9      | Found a shadowy altar of Dithmenos.
 10418 | D:9      | Noticed Pikel
 10432 | D:10     | Entered Level 10 of the Dungeon
 10438 | D:10     | Killed Pikel
 10438 | D:10     | Reached skill level 9 in Long Blades
 10438 | D:10     | Reached XP level 10. HP: 74/76 MP: 11/11
 10916 | D:10     | Noticed a two-headed ogre
 10969 | D:10     | Slain by a two-headed ogre

Skill      XL: |  1  2  3  4  5  6  7  8  9 |
---------------+----------------------------+-----
Long Blades    | 4 5 6 8 9 |  9.3
Armour         | 1 2 3 4 5 |  5.3
Fighting       | 2 3 4 5 |  5.8
Stealth        | 1 2 3 4 5 |  5.2
Dodging        | 4 5 6 |  6.6
Necromancy     | 3 |  3.9
Spellcasting   | 1 |  1.1
Bows           | 2 |  2.8
Throwing       | |  1.8
Evocations     | |  0.2

Action                   |  1- 3 |  4- 6 |  7- 9 | 10-12 || total
-------------------------+-------+-------+-------+-------++-------
Melee: Long sword        |    98 |   176 |    21 |       ||   295
       Bite              |    11 |    20 |    58 |     5 ||    94
       Falchion          |       |       |   323 |       ||   323
       Great sword       |       |       |    72 |    49 ||   121
 Fire: Shortbow          |       |       |    35 |    26 ||    61
Throw: Throwing net      |       |       |     3 |       ||     3
 Cast: Pain              |       |       |     1 |       ||     1
 Abil: End Transformatio |       |     2 |     1 |       ||     3
       Bat Form          |       |     2 |     1 |       ||     3
Evoke: Wand              |       |       |     5 |       ||     5
  Use: Potion            |     3 |    11 |    27 |     3 ||    44
       Scroll            |       |       |     3 |       ||     3
 Stab: Sleeping          |     2 |     5 |     2 |       ||     9
       Held in net/web   |       |       |     4 |       ||     4
       Distracted        |       |       |     1 |       ||     1
  Eat: Corpse            |       |       |     1 |       ||     1
Armor: Leather armour    |    35 |    55 |       |       ||    90
       Scale mail        |       |       |   177 |    16 ||   193
       Skin              |       |       |    18 |       ||    18
Dodge: Dodged            |    75 |   163 |   256 |    54 ||   548
       Rpst.: Long sword |    28 |    43 |     7 |       ||    78
       Falchion          |       |       |    57 |       ||    57
       Great sword       |       |       |     9 |    15 ||    24
